 Dungeon Crawl Stone Soup version bcrawl-1.21.3 (webtiles) character file.

Game seed: 11697555411504775660

46760 MisterOstroum the Fighter (level 14, 0/178 HPs)
             Began as a Demonspawn Berserker on Mar 26, 2020.
             Was a High Priest of Trog.
             Slain by a 19-headed hydra (1 damage)
             ... on level 6 of the Lair of Beasts.
             The game lasted 00:25:09 (18541 turns).

MisterOstroum the Fighter (Demonspawn Berserker)   Turns: 18541, Time: 00:25:09

Health: 0/178      AC: 22    Str: 27    XL:     14   Next: 6%
Magic:  0/18       EV: 13    Int: 10    God:    Trog [*****.]
Gold:   870        SH: 11    Dex: 14    Spells: 13/13 levels left

rFire    . . .     SeeInvis +   a - +1 war axe
rCold    + + .     Gourm    +   O - +0 medium shield
rNeg     . . .     Faith    .   H - +0 plate armour {MR+}
rPois    .         Spirit   +   J - +2 helmet
rElec    .         Reflect  .   i - +1 cloak
rCorr    .         Harm     .   S - +0 pair of gloves (curse)
MR       ++...                  z - +0 pair of boots
Stlth    ..........             G - amulet of the gourmand
HPRegen  0.39/turn              c - +2 ring of dexterity
MPRegen  0.16/turn              V - ring of Fakom {rC++ SInv}

@: berserking, repel missiles, very quick
A: talons 2, repulsion field 3, magic shield
a: Berserk, Trog's Hand, Brothers in Arms, Renounce Religion


You were on level 6 of the Lair of Beasts.
You worshipped Trog.
Trog was extremely pleased with you.
You were full.

You visited 2 branches of the dungeon, and saw 16 of its levels.
You also visited: Volcano.

You collected 1255 gold pieces.
You spent 385 gold pieces at shops.

Inventory:

Hand Weapons
 a - a +1 war axe (weapon)
 b - a +0 hunting sling
Missiles
 d - 122 javelins
 g - 2842 stones (quivered)
 h - 179 tomahawks
 o - 1176 sling bullets
 N - 5 throwing nets {!f!f}
Armour
 i - a +1 cloak (worn)
 z - a +0 pair of boots (worn)
 H - a +0 plate armour of magic resistance (worn)
 J - a +2 helmet (worn)
 O - a +0 medium shield (worn)
 S - a cursed +0 pair of gloves (worn)
Jewellery
 c - a +2 ring of dexterity (left hand)
 q - an uncursed ring of positive energy
 y - an uncursed ring of protection from cold
 F - the ring "Jiwnioll" {rElec rF+ rCorr}
   (You found it on level 5 of the Dungeon)

   [ring of resist corrosion]

   It protects you from fire.
   It insulates you from electricity.
   It provides partial protection from all sources of acid and corrosion.
 G - an amulet of the gourmand (around neck)
 V - the ring of Fakom (right hand) {rC++ SInv}
   (You acquired it on level 6 of the Lair of Beasts)

   [ring of see invisible]

   It greatly protects you from cold.
   It lets you see invisible.
 W - an uncursed ring of protection from fire
Wands
 m - a wand of flame (13)
 n - a wand of random effects (4)
 I - a wand of polymorph (15)
 K - a wand of iceblast (19)
 L - a wand of scattershot (6)
 P - a wand of digging (19)
 Q - a wand of paralysis (16)
 T - a wand of disintegration (7)
Scrolls
 k - 3 scrolls of remove curse {@r2}
 s - 6 scrolls of enchant weapon
 u - 2 scrolls of immolation {unknown}
 w - 6 scrolls of teleportation {@r3 !r}
 B - 2 scrolls of vulnerability
 C - a scroll of fog {!r}
 E - 4 scrolls of identify {@r1}
 U - 2 scrolls of fear {unknown}
Potions
 f - 3 potions of berserk rage
 j - 5 potions of heal wounds {@q2 !q}
 l - a potion of flight
 p - 4 potions of agility {@q5 !q}
 r - 7 potions of curing {@q1 !q}
 t - 2 potions of ambrosia
 v - a potion of might {@q3 !q}
 x - 4 potions of lignification {@q6}
 A - 2 potions of cancellation
 D - 2 potions of haste {@q4 !q}
 R - 3 potions of resistance
Miscellaneous
 Z - a phial of floods
Comestibles
 e - 25 rations {!d}
 M - 10 chunks of flesh


   Skills:
 * Level 13.8 Fighting
 * Level 12.8 Axes
 + Level 9.3 Armour
 - Level 7.0 Dodging
 + Level 5.8 Shields
 + Level 6.2 Evocations


You had 13 spell levels left.
You didn't know any spells.
Your spell library was empty.

Dungeon Overview and Level Annotations

Branches:
Dungeon (10/12)            Temple (0/1) D:5            Lair (6/6) D:7
 Shoals (0/3) Lair:2        Snake (0/3) Lair:2        Slime (0/5) Lair:5
    Orc: D:8-11

Altars:
Ashenzari
Cheibriados
Elyvilon
Fedhas
Gozag
Makhleb
Nemelex Xobeh
Okawaru
Ru
Sif Muna
Uskayaw
Vehumet
Wu Jian
Yredelemnul
Jiyva

Shops:
D:4 (?}*   D:9 !

Annotations:
Lair:2 exclusion: oklob plant
Lair:5 1 runed door, exclusion: oklob plant


Innate Abilities, Weirdness & Mutations

You have razor-sharp toenails.
You are surrounded by a strong repulsion field. (EV +4, RMsl)
When hurt, damage is shared between your health and your magic reserves.


Message History

The 12-headed hydra bites you but does no damage. x2
The 12-headed hydra bites you.
* * * LOW HITPOINT WARNING * * *
The 12-headed hydra bites you but does no damage. x2
The 12-headed hydra barely misses you.
The 12-headed hydra bites you but does no damage.
You block the dream sheep's attack.
Your plate armour prevents you from hitting the dream sheep.
Your shield and plate armour prevent you from hitting the dream sheep.
You closely miss the dream sheep.
You chop one of the 12-headed hydra's heads off!
The 11-headed hydra grows two more!
You slash the 13-headed hydra! The dream sheep misses you.
You slice one of the 13-headed hydra's heads off!
The 12-headed hydra grows two more!
You slash the 14-headed hydra!
The 14-headed hydra is heavily wounded.
You closely miss the dream sheep. You slice the dream sheep!!
You kill the dream sheep!
Trog accepts your kill.
You closely miss the dream sheep. You block the 14-headed hydra's attack.
The 14-headed hydra barely misses you. You block the 14-headed hydra's attack.
The 14-headed hydra bites you but does no damage.
You block the 14-headed hydra's attack. The 14-headed hydra bites you.
* * * LOW HITPOINT WARNING * * *
The 14-headed hydra barely misses you.
The 14-headed hydra bites you but does no damage.
The 14-headed hydra misses you.
The 14-headed hydra bites you but does no damage.
The 14-headed hydra bites you!
* * * LOW HITPOINT WARNING * * *
The 14-headed hydra bites you.
* * * LOW HITPOINT WARNING * * *
The 14-headed hydra bites you but does no damage. x2
The dream sheep misses you.
You lop one of the 14-headed hydra's heads off!
The 13-headed hydra grows two more!
You slash the 15-headed hydra!
The 15-headed hydra is heavily wounded.
You hit the dream sheep. You slash the dream sheep!
The dream sheep bites you but does no damage.
The 15-headed hydra bites you but does no damage.
The 15-headed hydra barely misses you.
The 15-headed hydra bites you but does no damage.
You block the 15-headed hydra's attack. The 15-headed hydra misses you.
The 15-headed hydra bites you.
* * * LOW HITPOINT WARNING * * *
The 15-headed hydra barely misses you. The 15-headed hydra bites you!
* * * LOW HITPOINT WARNING * * *
The 15-headed hydra bites you but does no damage.
The 15-headed hydra completely misses you.
The 15-headed hydra bites you but does no damage. x2
The 15-headed hydra bites you.
* * * LOW HITPOINT WARNING * * *
The 15-headed hydra completely misses you.
You block the 15-headed hydra's attack.
You hack one of the 15-headed hydra's heads off!
The 14-headed hydra grows two more!
You slash the 16-headed hydra!
The 16-headed hydra is heavily wounded.
You hit the dream sheep.
You kill the dream sheep!
Trog accepts your kill.
You slash the dream sheep!
No path to travel!
You slash the dream sheep!
You feel the power of Trog in you as your rage grows.
You kill the dream sheep!
Trog accepts your kill.
You lop one of the 16-headed hydra's heads off!
The 15-headed hydra grows two more!
You slash the 17-headed hydra! You barely miss the hippogriff.
The 17-headed hydra closely misses you. The 17-headed hydra bites you.
* * * LOW HITPOINT WARNING * * *
The 17-headed hydra misses you. You block the 17-headed hydra's attack.
The 17-headed hydra bites you.
* * * LOW HITPOINT WARNING * * *
The 17-headed hydra bites you but does no damage. x2
You block the 17-headed hydra's attack. The 17-headed hydra misses you.
The 17-headed hydra closely misses you. The 17-headed hydra bites you.
* * * LOW HITPOINT WARNING * * *
The 17-headed hydra closely misses you. You block the 17-headed hydra's attack.
The 17-headed hydra bites you.
* * * LOW HITPOINT WARNING * * *
The 17-headed hydra bites you but does no damage.
The 17-headed hydra barely misses you. You block the 17-headed hydra's attack.
No path to travel!
You slice one of the 17-headed hydra's heads off!
The 16-headed hydra grows two more!
You slash the 18-headed hydra!
The 18-headed hydra is severely wounded.
You hit the hippogriff. You block the hippogriff's attack.
The hippogriff pecks you.
* * * LOW HITPOINT WARNING * * *
You block the hippogriff's attack.
No path to travel!
You are too berserk!
Unknown command.
Unknown command.
You slice one of the 18-headed hydra's heads off!
The 17-headed hydra grows two more!
You slice the 19-headed hydra!!
The 19-headed hydra is severely wounded.
You hit the hippogriff. The 19-headed hydra bites you.
You die...

... ..# .....#..###...#
..#. PP......#.... ....#
#.P..#..PP... ####.....
#P...#.PP..###........
##............††H......
#......####....@D......
#....#........†††......
##P.....................
....†...#.#P.....P......
.......####P....P.......
...#...# #..............
P........#..............
........................
.[..P##..PP....##......


You could see a 19-headed hydra and a hippogriff.

Vanquished Creatures
  A stone giant (Volcano)
  Harold (D:9)
  2 hydras
  A catoblepas (Lair:5)
  3 two-headed ogres
  An alligator (Lair:6)
  Nergalle (Lair:2)
  Pikel (D:8)
  An elephant (D:7)
  6 black mambas
  A molten gargoyle (Volcano)
  4 torpor snails (Lair:4)
  3 rime drakes
  2 gargoyles (Volcano)
  10 cane toads
  7 komodo dragons
  2 trolls (D:8)
  A hornet (Lair:4)
  4 polar bears (Lair:3)
  Prince Ribbit (D:6)
  11 blink frogs
  31 dream sheep
  4 hippogriffs
  Sigmund (D:6)
  A redback (Lair:6)
  7 fire bats (Volcano)
  2 wyverns
  A fire elemental (Volcano)
  42 yaks
  3 basilisks
  3 nagas (Lair:2)
  12 crocodiles
  6 porcupines
  14 water moccasins
  4 orc warriors
  2 phantoms
  9 black bears
  3 ice beasts
  2 sky beasts
  4 slaves (D:8)
  20 wolves
  4 centaurs
  8 ogres
  3 bullfrogs
  2 big kobolds
  2 earth elementals (Volcano)
  A wyvern skeleton (D:7)
  3 scorpions
  5 wights
  A howler monkey (D:4)
  2 crimson imps
  2 centaur zombies
  8 lava snakes (Volcano)
  A bullfrog zombie (D:4)
  3 jellies
  4 hounds
  4 bullfrog skeletons
  3 orc priests
  4 centaur skeletons
  3 iguanas
  11 orc wizards
  A worker ant (D:8)
  A hound zombie (D:4)
  2 hound skeletons
  A howler monkey zombie (D:4)
  6 worker ant zombies
  3 gnolls (D:5)
  A howler monkey skeleton (D:4)
  11 adders
  2 shadow imps
  2 oozes (D:5)
  5 adder zombies
  5 adder skeletons
  3 worms
  6 dart slugs
  9 leopard geckos
  29 orcs
  3 giant cockroaches
  5 goblins
  6 hobgoblins
  10 jackals
  21 kobolds
  4 quokkas
  2 ball pythons
  A bat (D:1)
  2 frilled lizards (D:1)
  A jackal zombie (D:4)
  A leopard gecko zombie (D:4)
  A quokka zombie (D:4)
  3 rats (D:1)
  A spectral orc (D:4)
  A fungus (Lair:4)
458 creatures vanquished.

Vanquished Creatures (collateral kills)
  A black mamba (Lair:6)
  A cane toad (Lair:6)
  An efreet (Volcano)
  2 wyverns (Lair:6)
  A crocodile (Lair:6)
  A water moccasin (Lair:6)
7 creatures vanquished.

Vanquished Creatures (others)
  11 fungi
  11 plants (Lair:6)
22 creatures vanquished.

Grand Total: 487 creatures vanquished

Notes
Turn   | Place    | Note
-------+----------+-------------------------------------------
     0 | D:1      | MisterOstroum the Demonspawn Berserker began the quest for
                  | the Orb.
     0 | D:1      | Reached XP level 1. HP: 18/18 MP: 1/1
   247 | D:1      | Gained mutation: You have sharp toenails. [demonic
                  | ancestry]
   247 | D:1      | Reached XP level 2. HP: 11/24 MP: 2/2
   993 | D:1      | Reached XP level 3. HP: 26/29 MP: 3/3
  1055 | D:1      | Reached ** piety under Trog
  1546 | D:2      | Found a shattered altar of Ashenzari.
  1914 | D:2      | Found a white marble altar of Elyvilon.
  2223 | D:2      | Reached XP level 4. HP: 37/37 MP: 4/4
  2682 | D:3      | Reached skill level 4 in Fighting
  2980 | D:3      | Reached skill level 1 in Evocations
  2983 | D:3      | Reached XP level 5. HP: 42/42 MP: 5/5
  3152 | D:3      | Found a shimmering blue altar of Sif Muna.
  3670 | D:3      | Found a hide-covered altar of Uskayaw.
  3844 | D:4      | Found Qias's Magic Scroll Shoppe.
  3869 | D:4      | Noticed an ogre
  3880 | D:4      | Killed an ogre
  3880 | D:4      | Gained mutation: You are surrounded by a mild repulsion
                  | field. (EV +2) [demonic ancestry]
  3880 | D:4      | Reached XP level 6. HP: 49/49 MP: 7/7
  4181 | D:4      | Reached *** piety under Trog
  4193 | D:4      | Gained mutation: You are surrounded by a moderate repulsion
                  | field. (EV +3) [demonic ancestry]
  4193 | D:4      | Reached XP level 7. HP: 25/55 MP: 8/8
  4357 | D:4      | Bought a scroll of teleportation for 42 gold pieces
  4357 | D:4      | Bought a scroll of identify for 28 gold pieces
  4357 | D:4      | Bought a scroll of noise for 14 gold pieces
  4357 | D:4      | Bought a scroll of enchant armour for 105 gold pieces
  4381 | D:4      | Reached skill level 5 in Fighting
  4392 | D:4      | Found Isuss's Gadget Boutique.
  4424 | D:4      | Found Nuorown's Antique Weapon Emporium.
  4468 | D:4      | Found a basalt altar of Yredelemnul.
  4508 | D:4      | Found Ofrecype's General Store.
  4588 | D:4      | Found an opulent altar of Gozag.
  5014 | D:4      | Found a sparkling altar of Nemelex Xobeh.
  5184 | D:5      | Entered Level 5 of the Dungeon
  5243 | D:5      | Found an ornate altar of the Wu Jian Council.
  5389 | D:5      | Reached skill level 5 in Axes
  5504 | D:5      | Gained mutation: When hurt, damage is shared between your
                  | health and your magic reserves. [demonic ancestry]
  5504 | D:5      | Reached XP level 8. HP: 64/64 MP: 9/9
  5529 | D:5      | Reached skill level 6 in Fighting
  5592 | D:5      | Got a wavering marble ring
  5603 | D:5      | Identified the ring "Jiwnioll" {rElec rF+ rCorr} (You found
                  | it on level 5 of the Dungeon)
  5637 | D:5      | Found a staircase to the Ecumenical Temple.
  5659 | D:5      | Reached **** piety under Trog
  5862 | D:5      | Found a burning altar of Makhleb.
  6603 | D:6      | Reached skill level 7 in Fighting
  6684 | D:6      | Gained mutation: You are surrounded by a strong repulsion
                  | field. (EV +4, RMsl) [demonic ancestry]
  6684 | D:6      | Reached XP level 9. HP: 47/72 MP: 4/10
  7103 | D:6      | Noticed Prince Ribbit
  7107 | D:6      | Reached skill level 5 in Dodging
  7118 | D:6      | Noticed Sigmund
  7132 | D:6      | Killed Sigmund
  7132 | D:6      | Reached skill level 8 in Fighting
  7132 | D:6      | Reached skill level 5 in Armour
  7164 | D:6      | Killed Prince Ribbit
  7461 | D:7      | Noticed an elephant
  7462 | D:7      | Found a staircase to the Lair.
  7470 | D:7      | Killed an elephant
  7475 | D:7      | Reached XP level 10. HP: 82/82 MP: 8/11
  7697 | D:7      | Reached skill level 9 in Fighting
  7902 | D:7      | Found a snail-covered altar of Cheibriados.
  8222 | D:8      | Found a blossoming altar of Fedhas.
  8222 | D:8      | Noticed Pikel
  8231 | D:8      | Killed Pikel
  8243 | D:8      | Reached ***** piety under Trog
  8349 | D:8      | Reached skill level 10 in Fighting
  8389 | D:8      | Found a sacrificial altar of Ru.
  8706 | D:8      | Noticed a two-headed ogre
  8716 | D:8      | Killed a two-headed ogre
  8716 | D:8      | Gained mutation: You have razor-sharp toenails. [demonic
                  | ancestry]
  8716 | D:8      | Reached XP level 11. HP: 91/91 MP: 9/12
  8985 | D:8      | Found a radiant altar of Vehumet.
  9625 | D:9      | Noticed a two-headed ogre
  9627 | D:9      | Noticed a two-headed ogre
  9634 | D:9      | Killed a two-headed ogre
  9634 | D:9      | Received a gift from Trog
  9637 | D:9      | Killed a two-headed ogre
  9637 | D:9      | Reached skill level 10 in Axes
  9886 | D:9      | Noticed Harold
  9907 | D:9      | Killed Harold
  9907 | D:9      | Reached skill level 11 in Fighting
 10287 | D:9      | Found an iron altar of Okawaru.
 10402 | D:9      | Found Fobow's Distillery.
 10408 | D:9      | Bought 2 potions of curing for 84 gold pieces
 10408 | D:9      | Bought a potion of heal wounds for 70 gold pieces
 10408 | D:9      | Bought a potion of lignification for 42 gold pieces
 10600 | D:10     | Entered Level 10 of the Dungeon
 10718 | Lair:1   | Entered Level 1 of the Lair of Beasts
 10751 | Lair:1   | Found a dark tunnel.
 10756 | Volcano  | Entered a volcano
 10910 | Volcano  | Reached skill level 1 in Shields
 11143 | Volcano  | Noticed a stone giant
 11174 | Volcano  | Found a radiant altar of Vehumet.
 11177 | Volcano  | Killed a stone giant
 11187 | Volcano  | Reached XP level 12. HP: 42/100 MP: 7/13
 12428 | Lair:1   | Got a transparent hand axe
 12692 | Lair:2   | Found a staircase to the Shoals.
 12799 | Lair:2   | Noticed Nergalle
 12813 | Lair:2   | Killed Nergalle
 12813 | Lair:2   | Reached skill level 12 in Fighting
 13062 | Lair:2   | Found a staircase to the Snake Pit.
 13245 | Lair:2   | Received a gift from Trog
 13431 | Lair:2   | Identified the +5 hand axe "Atevaps" {vamp, rF+ Str-2 SInv}
                  | (You found it on level 1 of the Lair of Beasts)
 14970 | Lair:3   | Reached XP level 13. HP: 89/109 MP: 12/16
 15768 | Lair:4   | Received a gift from Trog
 15780 | Lair:4   | Reached skill level 5 in Evocations
 15993 | Lair:4   | Reached skill level 13 in Fighting
 16216 | Lair:4   | Found a snail-covered altar of Cheibriados.
 16507 | Lair:4   | Reached skill level 5 in Shields
 17991 | Lair:5   | Found a runed door.
 17991 | Lair:5   | Found a viscous altar of Jiyva.
 17991 | Lair:5   | Found a staircase to the Slime Pits.
 17991 | Lair:5   | Noticed an acid blob
 18245 | Lair:6   | Entered Level 6 of the Lair of Beasts
 18275 | Lair:6   | Identified a scroll of acquirement
 18276 | Lair:6   | Identified the +12 war axe "Engat" {pain, Dex+6} (You
                  | acquired it on level 6 of the Lair of Beasts)
 18276 | Lair:6   | Identified the +0 cloak of the Armoured One {rN+} (You
                  | acquired it on level 6 of the Lair of Beasts)
 18276 | Lair:6   | Identified the ring of Fakom {rC++ SInv} (You acquired it
                  | on level 6 of the Lair of Beasts)
 18525 | Lair:6   | Received a gift from Trog
 18530 | Lair:6   | Reached XP level 14. HP: 68/119 MP: 7/18
 18539 | Lair:6   | HP: 8/178 [17-headed hydra (5)]
 18539 | Lair:6   | HP: 2/178 [17-headed hydra (6)]
 18541 | Lair:6   | Slain by a 19-headed hydra

Skill      XL: |  1  2  3  4  5  6  7  8  9 10 11 12 13 |
---------------+----------------------------------------+-----
Axes           | 3 4 5 6 8 9 10 11 12 | 12.8
Armour         | 2 3 4 5 6 7 8 9 |  9.3
Dodging        | 2 3 4 5 6 7 |  7.0
Fighting       | 4 5 7 8 10 11 12 13 | 13.8
Evocations     | 1 2 4 6 |  6.2
Shields        | 2 4 5 |  5.8

Action                   |  1- 3 |  4- 6 |  7- 9 | 10-12 | 13-15 || total
-------------------------+-------+-------+-------+-------+-------++-------
Melee: Hand axe          |    15 |    41 |   281 |   108 |       ||   445
       Whip              |   103 |    90 |       |       |       ||   193
       Kick              |    33 |    54 |   137 |   234 |    22 ||   480
       Spear             |       |    21 |       |       |       ||    21
       War axe           |       |       |    51 |   539 |   353 ||   943
 Fire: Hunting sling     |       |    25 |    18 |       |       ||    43
       Longbow           |       |       |       |     5 |       ||     5
Throw: Stone             |       |     5 |     3 |     5 |     1 ||    14
Invok: Berserk           |     1 |     4 |     8 |    14 |     9 ||    36
       Trog's Hand       |       |       |     1 |       |     3 ||     4
       Brothers in Arms  |       |       |       |     1 |     1 ||     2
Evoke: Wand              |       |     1 |       |       |     7 ||     8
  Use: Potion            |       |     1 |     1 |       |       ||     2
       Scroll            |       |       |     8 |    11 |     3 ||    22
 Stab: Sleeping          |     1 |       |       |       |       ||     1
       Distracted        |       |       |       |     1 |       ||     1
  Eat: Chunk             |     4 |     7 |    20 |    44 |    19 ||    94
       Ration            |       |     1 |     2 |       |       ||     3
Armor: Animal skin       |    12 |       |       |       |       ||    12
       Chain mail        |    24 |   117 |    93 |       |       ||   234
       Plate armour      |       |       |    43 |   327 |   207 ||   577
Dodge: Dodged            |    62 |   115 |   206 |   392 |   211 ||   986
       Deflected         |       |       |     1 |     6 |       ||     7
Block: Medium shield     |       |       |       |   229 |   222 ||   451
